[Event "*** SCC Grand Prix: Titled Tuesday Blitz"]
[Site "Chess.com"]
[Date "2020.08.04"]
[Round "3"]
[White "Chuchofrio1"]
[Black "BernardoRoselli"]
[Result "0-1"]
[WhiteElo "2328"]
[BlackElo "2463"]
[TimeControl "180+1"]
[EndTime "14:14:31 PDT"]
[Termination "BernardoRoselli won by checkmate"]

1. e4 e6 2. d4 d5 3. Nc3 Bb4 4. a3 Bxc3+ 5. bxc3 dxe4 6. Qg4 Nf6 7. Qxg7 Rg8 8. Qh6 b6 9. Bg5 Nbd7 10. Ne2 Bb7 11. Nf4 Qe7 12. Rd1 Ng4 13. Bxe7 Nxh6 14. Bh4 Nf5 15. Bg3 O-O-O 16. Bb5 Nf6 17. Ke2 h5 18. h3 Nxg3+ 19. fxg3 Rxg3 20. Rdf1 Rxc3 21. Nxe6 fxe6 22. Rxf6 Rxc2+ 23. Ke3 Rc3+ 24. Kf4 a6 25. Be2 Rxd4 26.
Rxe6 e3+ 27. Kg5 Rc5+ 28. Kh6 Rd2 29. Rxe3 Bxg2 30. Rh2 Bf1 31. Bxa6+ Bxa6 32. Rxd2 Kb7 33. Rg2 Bf1 34. Rg5 Rc6+ 35. Kxh5 Rd6 36. Kg4 c5 37. Rf5 Bb5 38. Rf7+ Ka6 39. h4 Rd4+ 40. Kg5 Rd5+ 41. Rf5 Rd6 42. h5 Bd3 43. Rf6 Rd5+ 44. Kg4 c4 45.
Rc6 Kb5 46. Rc8 Ka4 47. Ra8+ Kb3 48. Rb8 b5 49. h6 c3 50. Rxd3 Rxd3 51. h7 Rd4+ 52.
Kg3 Rd3+ 53. Kg2 Rd2+ 54. Kg3 c2 55. Rxb5+ Ka2 56. Rb2+ Kxb2 57. h8=Q+ Kb1 58. Qb8+ Ka2 59. Qc7 Kb1 60. Qb6+ Ka2 61. Qc5 Rd3+ 62. Kf2 Kb2 63. Qb4+ Rb3 64. Qc4 Rc3 65. Qb4+ Rb3 66. Qd4+ Rc3 67.
Qb6+ Ka2 68. Qe6+ Ka1 69. Qe1+ c1=Q 70. Qe5 Qb2+ 71. Ke1 Rc1# 0-1

[Event "*** SCC Grand Prix: Titled Tuesday Blitz"]
[Site "Chess.com"]
[Date "2020.08.04"]
[Round "3"]
[White "Guenplen"]
[Black "Zubrrr"]
[Result "1/2-1/2"]
[WhiteElo "2847"]
[BlackElo "2636"]
[TimeControl "180+1"]
[EndTime "14:14:34 PDT"]
[Termination "Game drawn by stalemate"]

1. d4 f5 2. Bf4 Nf6 3. e3 d6 4.
h3 g6 5. Nf3 Bg7 6. Be2 O-O 7.
O-O e6 8. Bh2 Qe7 9. c4 Nbd7 10.
Nc3 a6 11. Rc1 b6 12. b4 Bb7 13. Qb3 Rab8 14. Rfd1 Kh8 15. c5 bxc5 16. dxc5 Nxc5 17.
bxc5 Bxf3 18. cxd6 cxd6 19. Bxd6 Rxb3 20. Bxe7 Rxc3 21.
Bxf3 Rxc1 22. Rxc1 Re8 23. Rc7 Nd5 24. Bxd5 exd5 25.
Bc5 Bc3 26. Rd7 Rb8 27. g4 fxg4 28. hxg4 Rb1+ 29. Kg2 Rb2 30. a3 Rd2 31. Bf8 h5 32. Rc7 Bb2 33. gxh5 gxh5 34. Bb4 Rd3 35. Rc6 Bxa3 36.
Bxa3 Rxa3 37. Rd6 Rd3 38. Rxa6 Kg7 39. Rd6 Rd1 40. Kg3 Rd2 41. Kf3 h4 42. Rd7+ Kg6 43. Rd8 h3 44. Rh8 d4 45. Rxh3 dxe3 46. fxe3 Rd7 47.
Rg3+ Kf5 48. Rg4 Ke5 49. Re4+ Kf5 50. Rf4+ Ke5 51. Re4+ Kf5 52. Rh4 Ke5 53. Rh5+ Ke6 54. Ke4 Rd1 55. Rh6+ Ke7 56. Rh7+ Kf6 57. Rh6+ Kf7 58.
Kf5 Rf1+ 59. Ke5 Rd1 60. Rh7+ Kf8 61. Kf6 Rd6+ 62. Kf5 Ra6 63. e4 Ke8 64. Rg7 Rb6 65.
Rc7 Ra6 66. Rb7 Rc6 67. Rg7 Ra6 68. Rg6 Rxg6 69. Kxg6 Ke7 70. Kf5 Kf7 71. Ke5 Ke7 72. Kd5 Kd7 73. e5 Ke7 74. e6 Ke8 75. Kd6 Kd8 76.
e7+ Ke8 77. Ke6 1/2-1/2

[Event "*** SCC Grand Prix: Titled Tuesday Blitz"]
[Site "Chess.com"]
[Date "2020.08.04"]
[Round "3"]
[White "AJSC02"]
[Black "Iskusnyh"]
[Result "0-1"]
[WhiteElo "2263"]
[BlackElo "2563"]
[TimeControl "180+1"]
[EndTime "14:14:34 PDT"]
[Termination "Iskusnyh won on time"]

1. e4 e6 2. d4 d5 3. exd5 exd5 4. Bd3 Nc6 5. c3 Bd6 6. Nf3 Nge7 7. O-O Bg4 8. Nbd2 Qd7 9. b4 O-O 10. h3 Bf5 11.
Nb3 Bxd3 12. Qxd3 Qf5 13. Qxf5 Nxf5 14. Nc5 Bxc5 15. bxc5 b6 16. Ba3 Rfe8 17. Rfe1 f6 18. g4 Nfe7 19. Re6 Kf7 20. Rae1 Rac8 21. Kg2 b5 22. Bc1 a5 23. a3 Ra8 24. Bf4 Ng6 25.
Rxe8 Nxf4+ 26. Kg3 Rxe8 27. Rxe8 Kxe8 28. Kxf4 Kd7 29. Kf5 Ne7+ 30. Kf4 g5+ 31. Ke3 Nc6 32. Kd3 Ke6 33. Ne1 a4 34. Nc2 Na5 35. Ne3 c6 36.
Kc2 Nc4 37. Nxc4 dxc4 38. Kd2 Kd5 39. f3 Ke6 40. Ke3 f5 41. Kd2 Kf6 42. Ke3 Kg6 43. Kd2 Kf6 44. Ke3 Kg6 45. Kd2 h5 46. Ke3 hxg4 47.
hxg4 fxg4 48. fxg4 Kf6 49. Kf3 Ke6 50. Ke4 Kd7 51.
Ke3 Ke7 52. Kf3 Kf6 53. Ke3 Ke6 54. Ke4 Ke7 55. Ke3 Kd7 56. Kf3 b4 57. cxb4 Ke6 58. Ke3 Kd5 59. Ke2 Kxd4 60. Kd2 c3+ 61. Kc2 Kc4 62. Kc1 Kd5 63. Kc2 Kd4 64. Kc1 Kc4 65. Kc2 Kd4 66. Kc1 Kd3 67. b5 cxb5 68.
c6 b4 69. axb4 a3 70. c7 a2 0-1

[Event "*** SCC Grand Prix: Titled Tuesday Blitz"]
[Site "Chess.com"]
[Date "2020.08.04"]
[Round "3"]
[White "Cambek64"]
[Black "DrMamaliga"]
[Result "1-0"]
[WhiteElo "2365"]
[BlackElo "2185"]
[TimeControl "180+1"]
[EndTime "14:14:44 PDT"]
[Termination "Cambek64 won by resignation"]

1. e4 e5 2. Nf3 Nc6 3. Bb5 a6 4. Bxc6 dxc6 5. O-O Qf6 6. d3 c5 7. Be3 Bd7 8. Nbd2 h6 9. Nc4 Bd6 10. Nxd6+ cxd6 11. Nd2 Qg6 12. f4 f6 13. Nc4 Ke7 14. fxe5 fxe5 15. Qd2 Nf6 16. Nxe5 dxe5 17. Bxc5+ Ke8 18. Qc3 Qg5 19. Rf3 Rc8 20. Rg3 Ng4 21. Qb4 h5 22. Rf1 h4 23. Rgf3 Nf6 24. h3 Rh6 25.
Be3 Qg6 26. Bxh6 Qxh6 27. c4 b5 28. Qd6 Qg5 29. Rxf6 gxf6 30. Rxf6 Qe3+ 31. Kh1 Qe1+ 32. Kh2 Qg3+ 33. Kg1 Qe1+ 34. Rf1 Qe3+ 35. Kh1 Qf4 36. Rxf4 exf4 37. b3 bxc4 38. bxc4 f3 39. Qg6+ Kd8 40.
Qg5+ Kc7 41. Qf4+ Kc6 42. Qxf3 Kc5 43. Qe3+ Kb4 44. Qb6+ Kc3 45. Qxa6 Rf8 46. Qd6 Rf7 47. e5 Kd2 48. e6 Rf1+ 49. Kh2 Bc8 50. e7 Bb7 51.
e8=Q Rf2 52. Qg8 Bxg2 53. Qxg2 Rxg2+ 54. Kxg2 Kc3 55. Qh6 Kxd3 56. Qxh4 Kc3 57. Qg4 Kb4 58. h4 Kc5 59. h5 Kc6 60. h6 Kd6 61. h7 Kc6 62.
h8=Q Kc5 63. Qhh5+ Kc6 64. Qd5+ Kc7 65. Qg7+ 1-0

[Event "*** SCC Grand Prix: Titled Tuesday Blitz"]
[Site "Chess.com"]
[Date "2020.08.04"]
[Round "3"]
[White "kingofthenil"]
[Black "Fortitudine"]
[Result "1-0"]
[WhiteElo "2481"]
[BlackElo "2249"]
[TimeControl "180+1"]
[EndTime "14:14:48 PDT"]
[Termination "kingofthenil won on time"]

1. e4 c5 2. d3 Nc6 3. g3 g6 4. Bg2 Bg7 5. f4 d6 6. Nf3 Nf6 7. O-O O-O 8. Nc3 Rb8 9. h3 b5 10. g4 Ne8 11. Ne2 Nc7 12. Qe1 a5 13. f5 e6 14. Nf4 b4 15. Kh1 Ba6 16. Rb1 c4 17. g5 exf5 18. exf5 cxd3 19. cxd3 Re8 20. Qh4 Ne5 21. f6 Bf8 22. Rd1 Nxf3 23. Bxf3 Bb7 24. Qg3 Bxf3+ 25. Qxf3 Rb5 26. h4 Qd7 27. Be3 Qf5 28. Kg2 h6 29. Nh3 Rbe5 30. Qxf5 Rxf5 31. Re1 Nd5 32. Bd2 Rc8 33. Rbc1 Rxc1 34. Rxc1 Re5 35. Kf3 Rf5+ 36. Kg2 Re5 37. Kf3 Rf5+ 38. Ke4 Re5+ 39.
Kd4 Re2 40. Kxd5 Rxd2 41. Nf4 hxg5 42. hxg5 Rf2 43. Rc4 Rf3 44. a3 bxa3 45. bxa3 Rg3 46. Kc6 Rxg5 47. Nd5 Rg3 48. Ra4 Rxd3 49. Rxa5 g5 50.
Ra8 g4 51. Ne7+ Kh7 52. Rxf8 Rxa3 53. Rxf7+ Kh6 54. Rg7 g3 55. Ng8+ Kh5 56. f7 Rf3 57. Kxd6 g2 58. Ke7 Kh4 59. Rxg2 Kh3 60. Rg6 Re3+ 61. Re6 1-0

[Event "*** SCC Grand Prix: Titled Tuesday Blitz"]
[Site "Chess.com"]
[Date "2020.08.04"]
[Round "3"]
[White "albano87"]
[Black "Shield12"]
[Result "1/2-1/2"]
[WhiteElo "2474"]
[BlackElo "2836"]
[TimeControl "180+1"]
[EndTime "14:15:00 PDT"]
[Termination "Game drawn by repetition"]

1. d4 Nf6 2. Nf3 e6 3. g3 b6 4. Bg2 Bb7 5. O-O Be7 6. c4 O-O 7. Nc3 Ne4 8. Qd3 Nxc3 9. bxc3 f5 10. d5 Na6 11. Be3 Bf6 12. Bd4 Nc5 13. Bxc5 bxc5 14.
Rab1 Rb8 15. Nd2 Ba6 16. Nb3 Qe7 17. dxe6 dxe6 18. Qe3 Bxc4 19. Nxc5 Bxa2 20. Ra1 Bc4 21. Rxa7 Rb2 22. Nd3 Rb3 23. Ne5 Bd5 24. Rd1 Rd8 25. Nc6 Bxc6 26. Rxd8+ Kf7 27. Rc8 Rb1+ 28. Bf1 Bb7 29. Rb8 c5 30. Qf3 Rxf1+ 31. Kxf1 Bxf3 32. Rxe7+ Kxe7 33. exf3 Bxc3 34. Ke2 Bd4 35. f4 Kf6 36. f3 h6 37. g4 Kg6 38. h3 c4 39. Rc8 c3 40.
Kd3 Bf6 41. h4 Bxh4 42. Rxc3 Bg3 43. Rc6 Bxf4 44. Rxe6+ Kg5 45. Re7 g6 46. gxf5 Kxf5 47. Ke2 h5 48. Rf7+ Kg5 49. Rf8 Bd6 50. Re8 h4 51.
Kf2 h3 52. Rh8 h2 53. Kg2 Be5 54. Rg8 Kf5 55. Rf8+ Kg5 56. Ra8 Kf5 57. Ra4 g5 58. Rg4 Bf4 59. Kh1 Ke5 60. Rg2 Kd4 61. Re2 Kd3 62.
Re8 Kd2 63. Kg2 Kd3 64. Rh8 Ke2 65. Rh7 Ke3 66. Re7+ Kd3 67. Re8 Kd2 68. Rd8+ Ke2 69.
Re8+ Kd3 70. Rh8 Ke3 71. Rh3 Ke2 72. Rh5 Ke3 73. Rh7 Kd3 74. Re7 Kd4 75. Re8 Kd3 1/2-1/2

[Event "*** SCC Grand Prix: Titled Tuesday Blitz"]
[Site "Chess.com"]
[Date "2020.08.04"]
[Round "3"]
[White "VitaliyBernadskiy"]
[Black "Azerichess"]
[Result "0-1"]
[WhiteElo "2756"]
[BlackElo "3017"]
[TimeControl "180+1"]
[EndTime "14:15:05 PDT"]
[Termination "Azerichess won by resignation"]

1. e4 e5 2. Nf3 Nc6 3. Bb5 g6 4. d4 exd4 5. Nxd4 Bg7 6. Nb3 Nf6 7. Nc3 O-O 8. O-O Re8 9. Re1 d6 10. Bg5 h6 11. Bh4 Bd7 12. f4 Qc8 13. Qd2 a6 14.
Bf1 a5 15. a4 Nb4 16. Nd4 c6 17. h3 Qc7 18. Rad1 Nh7 19. Bf2 Rad8 20. g3 Nf8 21. Bg2 Ne6 22. Nb3 Bc8 23. Kh2 Nc5 24. Nd4 Kh7 25. Nf3 Qe7 26. Bd4 f6 27. Qf2 b6 28. e5 dxe5 29. fxe5 f5 30. e6 Bxe6 31. Bxg7 Qxg7 32. Nd4 Bd7 33. h4 Qf6 34. Bf3 Rxe1 35.
Rxe1 Re8 36. Rxe8 Bxe8 37. Qe3 Bd7 38. Bg2 g5 39. hxg5 hxg5 40. Kg1 f4 41. gxf4 gxf4 42. Ne4 Nxe4 43. Qxe4+ Kg7 44. Nf3 Nd5 45. Qe5 Bg4 46. Qe4 Bf5 47. Qe2 Qxb2 48. Ne5 Qd4+ 49. Kh1 Ne3 50. Nf3 Qa1+ 51. Kh2 Ng4+ 52. Kh3 Ne3+ 53. Kh2 Qf6 54. Kg1 Qg6 55. Nh4 Qg5 56. Qf2 Kf6 57.
Nf3 Qg3 58. Qxg3 fxg3 59. Nd4 Bd7 60. Bxc6 Bxc6 61. Nxc6 Nxc2 62. Kg2 Ke6 63. Kxg3 Kd5 64. Na7 Nb4 65. Kf3 Nd3 66. Nc8 Kc6 67. Ne7+ Kc5 68. Ke3 Nb2 69. Kd2 Nxa4 70. Kc2 b5 71. Ng6 Nb6 72. Nf4 b4 73. Nd3+ Kb5 74. Kb2 a4 75.
Kc2 Nc4 76. Nc1 a3 77. Kb3 Na5+ 78. Ka2 Ka4 79. Nd3 b3+ 80. Ka1 Nc4 81. Kb1 Kb5 82. Nc1 Nd2+ 0-1

[Event "*** SCC Grand Prix: Titled Tuesday Blitz"]
[Site "Chess.com"]
[Date "2020.08.04"]
[Round "3"]
[White "Artur0208"]
[Black "ArjunErigaisi2003"]
[Result "0-1"]
[WhiteElo "2776"]
[BlackElo "3047"]
[TimeControl "180+1"]
[EndTime "14:15:07 PDT"]
[Termination "ArjunErigaisi2003 won by resignation"]

1. d4 e6 2. c4 d5 3. Nc3 c6 4. Nf3 Nf6 5. e3 Nbd7 6. Bd3 dxc4 7. Bxc4 b5 8. Be2 Be7 9. Qc2 Bb7 10. O-O a6 11. e4 c5 12. dxc5 Bxc5 13. e5 Nd5 14.
Ne4 Rc8 15. Bg5 Qb6 16. Nxc5 Rxc5 17. Qd2 h6 18. Be3 Nxe3 19. Qxe3 Bxf3 20. Bxf3 Rxe5 21.
Qxb6 Nxb6 22. Bb7 Ke7 23. Bxa6 Rb8 24. Rac1 Na4 25. b4 Rb6 26. Bc8 Re2 27. Rc7+ Kf6 28. Bd7 Rb8 29. Rd1 Rxa2 30. g3 Ra3 31. Rd4 g5 32. Ra7 Nc3 33. Rxa3 Ne2+ 34. Kf1 Nxd4 35. Rd3 e5 36. f4 Ra8 37. fxe5+ Kxe5 38. Re3+ Kd6 39.
Be8 f5 40. Bf7 Nc2 41. Re6+ Kc7 42. Rxh6 Nxb4 43. Be6 Rf8 44. Rh7+ Kd6 45. Bd7 Nc6 46. Ke2 b4 47. Kd2 Ne5 48. Ba4 Kc5 49. Bb3 Kd4 50. Rh6 f4 51. Rd6+ Ke4 52. Bd5+ Kf5 53. Be6+ Kf6 54. Bh3+ Kg7 55. Rd5 Nf3+ 56. Kd3 b3 57. Rb5 Rd8+ 58. Ke4 Nd2+ 59. Kf5 fxg3 60. hxg3 Rd3 61. Kg4 Kf6 62. Rf5+ Ke7 63. Rb5 Nc4 64.
Bf1 Ne3+ 65. Kxg5 Nxf1 66. Kf4 Nxg3 67. Ke5 Kd7 68. Rb8 Kc6 69. Rc8+ Kb5 70. Rb8+ Ka4 71. Rc8 Kb4 72. Rb8+ Ka3 73. Re8 Kb2 74. Rc8 Ka2 75.
Ra8+ Kb1 76. Rd8 Rxd8 0-1

[Event "*** SCC Grand Prix: Titled Tuesday Blitz"]
[Site "Chess.com"]
[Date "2020.08.04"]
[Round "3"]
[White "GM_dmitrij"]
[Black "superchess02"]
[Result "0-1"]
[WhiteElo "2872"]
[BlackElo "2722"]
[TimeControl "180+1"]
[EndTime "14:15:15 PDT"]
[Termination "superchess02 won on time"]

1. e4 e5 2. Nf3 Nc6 3. Bc4 Nf6 4. d3 Bc5 5. O-O d6 6. c3 a6 7. Bb3 Ba7 8. Nbd2 h6 9. Re1 O-O 10. Nf1 Re8 11. Ng3 d5 12. exd5 Nxd5 13. d4 Bg4 14. h3 Bxf3 15. Qxf3 Nf6 16. Nh5 Na5 17. Nxf6+ Qxf6 18. Qxf6 gxf6 19. dxe5 Nxb3 20. axb3 fxe5 21. Bxh6 Re6 22. Be3 Bxe3 23. Rxe3 Rd8 24. Rae1 Rd5 25.
b4 Rd2 26. R1e2 Rxe2 27. Rxe2 f5 28. f4 e4 29. g4 Kf7 30. gxf5 Re7 31. Kf2 Kf6 32. Ke3 Kxf5 33. Rg2 Rh7 34. Rg5+ Kf6 35.
Kxe4 Rxh3 36. Rg2 Rh1 37. Re2 Rd1 38. Rh2 Re1+ 39. Kd4 Rd1+ 40. Ke4 Re1+ 41. Kd5 Rd1+ 42. Kc5 Rd7 43. Rh5 Kg6 44. Rg5+ Kf6 45. b3 Rd3 46. c4 Rxb3 47. Rh5 b6+ 48. Kd5 Rxb4 49. Rh6+ Kf5 50. Rh7 c5 51. Rf7+ Kg6 52. Ra7 a5 53.
Ra8 a4 54. Rg8+ Kf7 55. Ra8 Kg6 56. Rg8+ Kf5 57. Rf8+ Kg4 58. f5 Kf4 59. f6 Kf5 60. Kd6 Rxc4 61. Ke7 Re4+ 62. Kf7 a3 63. Rh8 Ra4 64.
Rh5+ Kg4 65. Rh1 a2 66. Ra1 Kf5 67. Kg7 Rg4+ 68. Kf7 Rg2 69. Ke7 Re2+ 70. Kf7 b5 71. Rf1+ Ke5 72. Ke7 Kd4+ 73. Kd6 Rh2 74. f7 Rh6+ 75.
Ke7 Rh7 76. Ra1 b4 77. Rxa2 b3 78. Rh2 Rxf7+ 79. Kxf7 c4 80. Rh4+ Kc3 81. Ke6 b2 82.
Rh1 Kc2 83. Kd5 Kb3 84. Rh8 c3 85. Rb8+ Ka2 86. Ra8+ Kb1 0-1

[Event "*** SCC Grand Prix: Titled Tuesday Blitz"]
[Site "Chess.com"]
[Date "2020.08.04"]
[Round "3"]
[White "Mazetovic"]
[Black "VincentKeymer"]
[Result "1-0"]
[WhiteElo "2711"]
[BlackElo "2871"]
[TimeControl "180+1"]
[EndTime "14:15:18 PDT"]
[Termination "Mazetovic won by resignation"]

1. e4 c6 2. Nf3 d5 3. Nc3 dxe4 4. Nxe4 Nf6 5. Qe2 Nxe4 6. Qxe4 Nd7 7. Bc4 Nf6 8. Ne5 e6 9. Qe2 b5 10. Bb3 Qc7 11. d4 Bd6 12. c3 O-O 13. O-O a5 14. Bc2 c5 15. Bg5 Nd5 16. Bh4 Bb7 17. Bg3 cxd4 18.
cxd4 Nb4 19. Bb1 Rfc8 20. a3 Nc2 21. Bxc2 Qxc2 22. Rfe1 Qxe2 23. Rxe2 Rd8 24. Rc1 Rac8 25. Rec2 Rxc2 26. Rxc2 Bxe5 27. Bxe5 f6 28. Bg3 Rxd4 29.
f3 h5 30. Be1 a4 31. Kf2 Bd5 32. Bc3 Rc4 33. Rd2 Kf7 34. Rd4 Rc8 35. h4 Rd8 36. Rd2 e5 37. Ke3 Ke6 38. g3 Kf5 39. Kf2 Rd7 40. Ke3 g5 41. hxg5 fxg5 42. Rh2 Rh7 43.
Kf2 h4 44. g4+ Ke6 45. Ke3 Rf7 46. Rh3 Rf8 47. Ke2 Rf4 48. Bd2 Rc4 49. Bxg5 Rc2+ 50. Ke3 Rxb2 51. Rxh4 Rb3+ 52. Kd2 Bxf3 53. Rh6+ Kd5 54.
Be7 Bxg4 55. Bb4 Bf5 56. Rd6+ Ke4 57. Rb6 Kf3 58. Rxb5 Rb2+ 59. Kd1 Rb1+ 60. Kd2 Kf4 61. Ra5 e4 62. Bd6+ Kg4 63. Rxa4 Kf3 64. Bc5 Rb2+ 65.
Kc3 Rb1 66. Ra5 Rc1+ 67. Kb4 Rf1 68. Ra7 Ke2 69. Re7 Rf3 70. a4 Kd3 71. a5 Rf1 72. a6 Rb1+ 73. Ka5 Ra1+ 74. Kb6 Rb1+ 75. Kc6 Bg4 76. a7 Bf3 77. Kc7 Ra1 78. Re8 Ra5 79. Bb6 Ra6 80. a8=Q Rxa8 81. Rxa8 e3 82. Re8 Be4 83.
Ba5 e2 84. Kd6 Ke3 85. Be1 Kd3 86. Kc5 Ke3 87. Kc4 Kf3 88. Kc3 1-0

[Event "*** SCC Grand Prix: Titled Tuesday Blitz"]
[Site "Chess.com"]
[Date "2020.08.04"]
[Round "3"]
[White "Bulldog167"]
[Black "Robert_Chessmood"]
[Result "0-1"]
[WhiteElo "2726"]
[BlackElo "2976"]
[TimeControl "180+1"]
[EndTime "14:15:21 PDT"]
[Termination "Robert_Chessmood won by resignation"]

1. d4 d5 2. c4 c6 3. cxd5 cxd5 4. Bf4 Nc6 5. e3 Nf6 6. Nc3 Bf5 7. Qb3 Na5 8. Qa4+ Bd7 9. Qc2 e6 10. Bd3 Nh5 11.
Be5 Nc6 12. Nf3 Nb4 13. Qd2 Nxd3+ 14. Qxd3 Nf6 15. O-O Be7 16. Rfc1 O-O 17. Nb5 Bc6 18. Qb3 Qd7 19. Nc3 Rfc8 20. Bg3 b6 21. Ne5 Qb7 22. Nxc6 Rxc6 23. Ne2 Rac8 24. Rxc6 Rxc6 25. Rc1 Ne4 26. f3 Nxg3 27. hxg3 h5 28. Kf2 g6 29. Rxc6 Qxc6 30. Qc3 Qc4 31. b3 Qxc3 32. Nxc3 a6 33. Na4 Bd8 34. f4 Kf8 35. Kf3 Ke8 36. g4 hxg4+ 37. Kxg4 Kd7 38. Kf3 Kc6 39. Nc3 Be7 40. Ke2 Bb4 41.
Nd1 Kb5 42. Kd3 Be1 43. a3 a5 44. Ke2 Bh4 45. Nc3+ Kc6 46. a4 Be7 47. Kd3 Bb4 48. Ne2 Be7 49. Ng1 Kd7 50. Nf3 Bf6 51. g4 Kc6 52.
Nh2 Kd7 53. Nf1 Kc6 54. Ng3 Kd7 55. Ne2 Kc6 56. Nc3 Be7 57. e4 dxe4+ 58. Kxe4 f5+ 59. gxf5 exf5+ 60. Ke3 g5 61. fxg5 Bxg5+ 62. Kd3 Be7 63.
Kc4 Bd6 64. d5+ Kd7 65. Kd4 Ke7 66. Nb5 Bh2 67. Ke3 Kf6 68. Kf3 Ke5 69. d6 Ke6 70. d7 Kxd7 71. Nd4 f4 72. Ke4 Kd6 73. Nf3 Bg3 74. Kd4 Kc6 75. Kc4 Bf2 76. Nd2 Be3 77. Nf3 Kd6 78. Ng5 Ke5 79. Kd3 Kf5 80. Nf3 Kg4 81. Ke4 Kg3 82. Ne5 Kf2 83. Nd3+ Ke2 84. Ne5 Kd2 85. Nc4+ Kc3 86. Nxb6 0-1

[Event "*** SCC Grand Prix: Titled Tuesday Blitz"]
[Site "Chess.com"]
[Date "2020.08.04"]
[Round "3"]
[White "Nara_Kh"]
[Black "AldokhinIvan"]
[Result "1-0"]
[WhiteElo "2340"]
[BlackElo "2538"]
[TimeControl "180+1"]
[EndTime "14:15:27 PDT"]
[Termination "Nara_Kh won by checkmate"]

1. e4 c5 2. Be2 e6 3. f4 Nf6 4. d3 d5 5. e5 Nfd7 6. Nf3 Nc6 7.
O-O Be7 8. c4 Nb6 9. Nc3 O-O 10.
Kh1 a6 11. Bd2 Nd4 12. Be1 Bd7 13. Rc1 Bc6 14. cxd5 exd5 15. Nxd4 cxd4 16. Nb1 f5 17. Bf2 Rc8 18. Bxd4 Na8 19. Nd2 Qe8 20. Nf3 Nc7 21. Be3 Ne6 22. Nd4 Nxd4 23. Bxd4 g5 24. Bh5 Qd7 25.
fxg5 Bxg5 26. Rc2 Qe6 27. Rcf2 Bb5 28. a4 Bd7 29. Qf3 Qh6 30. Qh3 Be6 31. Qf3 Rc7 32. g3 Rfc8 33. h4 Be7 34. Be3 Qg7 35. Qf4 d4 36.
Bxd4 Rc2 37. Bf3 b5 38. axb5 axb5 39. Kh2 R8c7 40. Qe3 b4 41. Qf4 b3 42. Bc3 Qf7 43. Rxc2 bxc2 44. Rc1 Bb3 45. d4 Qe6 46. d5 Bxd5 47.
Rxc2 Bxf3 48. Qxf3 Rc4 49. Rd2 Kg7 50. Qd5 Kf7 51.
Qxe6+ Kxe6 52. Kg2 Rg4 53. Kf3 h5 54. Rd3 f4 55. gxf4 Kf5 56. Rd7 Rxf4+ 57. Ke3 Re4+ 58. Kd3 Rxh4 59. Rxe7 Rh3+ 60. Kc4 h4 61. b4 Rh1 62. b5 h3 63. Rh7 h2 64. b6 Kg6 65. Rh3 Rb1 66.
b7 Rb6 67. Rxh2 Rxb7 68. Rg2+ Kf5 69. Rf2+ Ke6 70. Rf6+ Ke7 71. Rh6 Rc7+ 72. Kd4 Rc8 73. Bb4+ Kf7 74. Rd6 Rb8 75. Bc5 Ra8 76. Kd5 Ra2 77. Rd7+ Ke8 78. Rh7 Ra6 79. e6 Kd8 80.
Rh8+ Kc7 81. e7 Ra2 82. e8=Q Rd2+ 83. Kc4 Rc2+ 84. Kb4 Rb2+ 85. Kc3 Kb7 86. Qd7+ Ka6 87. Qa7+ Kb5 88. Qb6+ Ka4 89. Ra8# 1-0

[Event "*** SCC Grand Prix: Titled Tuesday Blitz"]
[Site "Chess.com"]
[Date "2020.08.04"]
[Round "4"]
[White "Quiet_Desperation"]
[Black "Manukyan_Artak"]
[Result "1/2-1/2"]
[WhiteElo "2267"]
[BlackElo "2448"]
[TimeControl "180+1"]
[EndTime "14:18:15 PDT"]
[Termination "Game drawn by repetition"]

1. e4 c6 2. Nf3 d5 3. Nc3 Bg4 4. h3 Bxf3 5. Qxf3 Nf6 6. d3 e5 7. Bg5 d4 8. Ne2 Bb4+ 9. c3 dxc3 10. bxc3 Be7 11. Ng3 O-O 12. Be2 c5 13. O-O Nc6 14. Rad1 g6 15. Bh6 Re8 16. Nf5 Bf8 17. Qg3 Bxh6 18. Nxh6+ Kg7 19. Nf5+ Kh8 20. Nh6 Kg7 21.
Nf5+ Kg8 22. Nh6+ Kg7 1/2-1/2

[Event "*** SCC Grand Prix: Titled Tuesday Blitz"]
[Site "Chess.com"]
[Date "2020.08.04"]
[Round "4"]
[White "abykhovsky"]
[Black "bratkoo"]
[Result "1-0"]
[WhiteElo "2761"]
[BlackElo "2503"]
[TimeControl "180+1"]
[EndTime "14:18:23 PDT"]
[Termination "abykhovsky won by resignation"]

1. d4 e6 2. Nf3 d5 3. c4 c6 4. Nc3 dxc4 5. a4 Bb4 6. e3 b5 7.
Bd2 Nf6 8. axb5 Bxc3 9. Bxc3 cxb5 10. b3 Nd5 11. Ba5 Qe7 12. bxc4 bxc4 13. Bxc4 Nc6 14. Bd2 O-O 15. O-O Bb7 16. Qe2 a5 17. Rfb1 Ndb4 18.
h3 h6 19. Ra4 Rfb8 20. Rba1 Ba6 21. Bxa6 Rxa6 22. Bxb4 Nxb4 23. Rxb4 1-0

[Event "*** SCC Grand Prix: Titled Tuesday Blitz"]
[Site "Chess.com"]
[Date "2020.08.04"]
[Round "4"]
[White "MVM2008"]
[Black "1f3_2g41-0"]
[Result "1-0"]
[WhiteElo "2229"]
[BlackElo "2427"]
[TimeControl "180+1"]
[EndTime "14:19:06 PDT"]
[Termination "MVM2008 won by checkmate"]

1. e4 c5 2. Nf3 d6 3. d4 cxd4 4.
Nxd4 Nf6 5. Nc3 a6 6. f4 e5 7.
Nf3 Nc6 8. fxe5 dxe5 9. Qxd8+ Kxd8 10. Bg5 Bb4 11. O-O-O+ Bd7 12. Nd5 Ke8 13. Bxf6 gxf6 14.
Nxf6+ Ke7 15. Nxd7 f6 16. Nb6 Rad8 17. Nd5+ Kf7 18. Bc4 b5 19. Nxb4+ bxc4 20. Nxc6 Rdg8 21. Rd7+ Ke6 22. Rhd1 Rc8 23. R1d6# 1-0

[Event "*** SCC Grand Prix: Titled Tuesday Blitz"]
[Site "Chess.com"]
[Date "2020.08.04"]
[Round "4"]
[White "KaterynaLagno"]
[Black "IMHansNiemann"]
[Result "0-1"]
[WhiteElo "2724"]
[BlackElo "2897"]
[TimeControl "180+1"]
[EndTime "14:19:26 PDT"]
[Termination "IMHansNiemann won by resignation"]

1. e4 e6 2. d4 d5 3. Nd2 c5 4.
exd5 Qxd5 5. Ngf3 cxd4 6. Bc4 Qd7 7. O-O Nc6 8. Nb3 a6 9. Nbxd4 Nxd4 10. Nxd4 Qc7 11. Be2 Bd6 12. h3 Ne7 13. Bb5+ axb5 14.
Nxb5 Bh2+ 15. Kh1 Qb6 16. a4 Bb8 17. Be3 Qc6 18. Bd4 e5 19. Bc3 Bxh3 20. f3 Be6 21.
Re1 f6 22. f4 O-O 23. fxe5 fxe5 24. Bxe5 Bxe5 25. Rxe5 Bh3 26. Qe2 Ng6 27. Nd4 Qxg2+ 28. Qxg2 Bxg2+ 0-1

[Event "*** SCC Grand Prix: Titled Tuesday Blitz"]
[Site "Chess.com"]
[Date "2020.08.04"]
[Round "4"]
[White "Sam_ChessMood"]
[Black "Fh2411"]
[Result "1-0"]
[WhiteElo "2804"]
[BlackElo "2546"]
[TimeControl "180+1"]
[EndTime "14:19:31 PDT"]
[Termination "Sam_ChessMood won by resignation"]

1. d4 d5 2. c4 c6 3. cxd5 cxd5 4. Bg5 Nc6 5. Nc3 Nf6 6. e3 e6 7. Bd3 Be7 8. f4 h6 9. Bxf6 Bxf6 10. Nf3 Bd7 11. O-O Ne7 12. Ne5 a6 13. Rc1 O-O 14.
Bb1 Be8 15. g4 g6 16. Rc2 Rc8 17. Rg2 Bg7 18. h4 f6 19. Nf3 Rc7 20. h5 g5 21. Qd3 gxf4 22. Qh7+ Kf7 23. Bg6+ Nxg6 24.
hxg6+ Ke7 25. Qxg7+ 1-0

[Event "*** SCC Grand Prix: Titled Tuesday Blitz"]
[Site "Chess.com"]
[Date "2020.08.04"]
[Round "4"]
[White "AbigailCabezas"]
[Black "Rud_Makarian"]
[Result "0-1"]
[WhiteElo "1385"]
[BlackElo "2654"]
[TimeControl "180+1"]
[EndTime "14:19:42 PDT"]
[Termination "Rud_Makarian won by checkmate"]

1. e4 e5 2. Nf3 Nc6 3. Bc4 Bc5 4. O-O Nf6 5. Re1 d6 6. h3 h6 7. c3 a6 8. d4 Ba7 9. dxe5 Nxe5 10. Nxe5 dxe5 11.
Qxd8+ Kxd8 12. Rd1+ Ke7 13. b3 Bc5 14. b4 Bd6 15. a4 Nxe4 16. Nd2 Nxd2 17. Rxd2 Be6 18. Bxe6 Kxe6 19. Bb2 Rhd8 20. Rad1 Be7 21. Rxd8 Rxd8 22. Rxd8 Bxd8 23. Kf1 Kd5 24. Ke2 Kc4 25. Kd2 f5 26. Kc2 Bg5 27. f3 b5 28. a5 h5 29. g3 Be3 30. g4 fxg4 31. hxg4 h4 32. Kb1 h3 33. Ka2 h2 34. g5 h1=Q 35. g6 Qd1 36. f4 Bc1 37. Bxc1 Qxc1 38. fxe5 Kxc3 39. e6 Qb2# 0-1

[Event "*** SCC Grand Prix: Titled Tuesday Blitz"]
[Site "Chess.com"]
[Date "2020.08.04"]
[Round "4"]
[White "Infernal_XaM"]
[Black "Anna_ChessMate"]
[Result "1-0"]
[WhiteElo "2914"]
[BlackElo "2608"]
[TimeControl "180+1"]
[EndTime "14:19:47 PDT"]
[Termination "Infernal_XaM won by resignation"]

1. d4 d5 2. c4 c6 3. Nf3 Nf6 4. Qc2 dxc4 5. e4 b5 6. b3 cxb3 7. axb3 e6 8. Bd3 Bb4+ 9. Bd2 Bxd2+ 10. Nbxd2 h6 11. e5 Nd5 12. Ne4 O-O 13. O-O a5 14. Qd2 Qb6 15. Rfc1 b4 16. Nd6 Ba6 17. Be4 Nd7 18. g4 Nc3 19. g5 Ne2+ 20. Kh1 Nxc1 21. gxh6 Nxe5 22. Nxe5 Qd8 23. h7+ 1-0

[Event "*** SCC Grand Prix: Titled Tuesday Blitz"]
[Site "Chess.com"]
[Date "2020.08.04"]
[Round "4"]
[White "BeanScreen"]
[Black "Slovak_fighter2000"]
[Result "1-0"]
[WhiteElo "2715"]
[BlackElo "2445"]
[TimeControl "180+1"]
[EndTime "14:19:50 PDT"]
[Termination "BeanScreen won by checkmate"]

1. e4 e6 2. d4 d5 3. Nc3 Nf6 4. Bg5 dxe4 5. Nxe4 Be7 6. Bxf6 gxf6 7. Nf3 f5 8. Nc3 a6 9. Qe2 b5 10. O-O-O b4 11.
Na4 Bb7 12. Nc5 Bd5 13. Kb1 Nd7 14. Nxd7 Qxd7 15. Ne5 Qa4 16. b3 Qa5 17. Qh5 O-O 18. Rd3 f4 19. Rh3 Be4 20. Bd3 Qd5 21. Re1 Bxd3 22.
cxd3 Kg7 23. Qh6+ Kg8 24. Qxh7# 1-0